 Dungeon Crawl Stone Soup version 0.30.2 (webtiles) character file.

Game seed: 5253147543323257644

49 porpoise the Chopper (level 3, -3/33 HPs)
             Began as a Hill Orc Fighter on Feb 19, 2024.
             Slain by Terence
             ... wielding a +0 flail
              (9 damage)
             ... on level 2 of the Dungeon.
             The game lasted 00:03:00 (845 turns).

porpoise the Chopper (Hill Orc Fighter)              Turns: 845, Time: 00:03:01

Health: -3/33      AC:  6    Str: 20    XL:     3   Next: 75%
Magic:  3/3        EV:  9    Int:  8    God:
Gold:   45         SH:  4    Dex: 10    Spells: 2/2 levels left

rFire   . . .        a - +0 war axe
rCold   . . .        c - +0 buckler
rNeg    . . .        b - +0 scale mail
rPois   .            (no helmet)
rElec   .            (no cloak)
rCorr   .            (no gloves)
SInv    .            (no boots)
Will    .....        (no amulet) Stlth
                     (no ring)
HPRegen 0.25/turn    (no ring)
MPRegen 0.08/turn

%: no passive effects
@: no status effects
A: no striking features
a: no special abilities


You were on level 2 of the Dungeon.
You visited 1 branch of the dungeon, and saw 2 of its levels.

You collected 45 gold pieces.

Inventory:

Hand Weapons
 a - a +0 war axe (weapon)
Missiles
 h - 4 datura-tipped darts (quivered)
Armour
 b - a +0 scale mail (worn)
 c - a +0 buckler (worn)
Scrolls
 e - a scroll of blinking {unknown}
 g - a scroll of fog {unknown}
 i - 2 scrolls of enchant weapon {unknown}
 j - a scroll of vulnerability {unknown}
Potions
 d - 2 potions of might
 f - a potion of curing {unknown}
 k - 2 potions of cancellation {unknown}


   Skills:
 + Level 4.1 Fighting
 * Level 4.2 Axes
 - Level 3.2 Armour
 + Level 3.8 Shields


You had 2 spell levels left.
You didn't know any spells.
Your spell library contained the following spells:

 Spells                   Type           Power      Damage    Failure   Level
 Inner Flame              Hex/Fire       0%         N/A       99%         3
 Flame Wave               Conj/Fire      0%         2d4       100%        4
 Sticky Flame             Conj/Fire      0%         2d3       100%        4


Dungeon Overview and Level Annotations

Branches:
Dungeon (2/15)

Altars:

Shops:
D:1 (

Annotations:
D:2 Terence


Message History

h - 4 datura-tipped darts (gained 1)
h - 5 datura-tipped darts (gained 1)
You pick up a book of Flames and begin reading...
You add the spells Inner Flame, Sticky Flame and Flame Wave to your library.
Found a stone staircase leading down.
Terence the Incautious comes into view.
He is wielding a +0 flail, wearing a +3 scale mail of cold resistance and carrying a wand of digging (6).
Terence shouts!
You see here 6 gold pieces.
You now have 45 gold pieces (gained 6).
Throw: 5 darts (datura)
Press: ? - help, Q - select action Shift-Dir - straight line, f - Terence
Aim: Terence, wielding a +0 flail, wearing a +3 scale mail of cold resistance and carrying a wand of digging (6) (61% to hit, chance to frenzy on hit: 100%)
You throw a datura-tipped dart. The datura-tipped dart hits Terence.
Terence flies into a frenzy!
You see here 7 stones.
You slash Terence!
Terence is moderately wounded.
You block Terence's attack. x2
You slash Terence!
Terence is severely wounded.
Terence misses you. You block Terence's attack.
You hit Terence but do no damage.
Terence is severely wounded.
Terence hits you with a +0 flail! Terence barely misses you.
You hit Terence but do no damage.
Terence is severely wounded.
Terence closely misses you. Terence barely misses you.
You barely miss Terence.
Terence is severely wounded.
Terence hits you with a +0 flail!
* * * LOW HITPOINT WARNING * * *
Terence completely misses you.
You hit Terence.
Terence is severely wounded.
Terence barely misses you. Terence hits you with a +0 flail.
* * * LOW HITPOINT WARNING * * *
You hit Terence but do no damage.
Terence is severely wounded.
Terence hits you but does no damage. Terence hits you with a +0 flail!
You die...

#.............#
..#............#
#...............
...(............
................
#..............
#....@........>
##.....@.........
............).....
.................#
................#
...........##...#
........<.#..#..#
.................#..#
.#
#.................#.#
#
##..................#


You could see the neutral Terence (fast, strong, insane).

Vanquished Creatures
  An adder (D:2)
  A worm (D:2)
  A dart slug (D:1)
  3 ball pythons (D:1)
  3 bats (D:1)
  5 endoplasms
  2 giant cockroaches (D:1)
  2 goblins
  2 hobgoblins (D:1)
  5 jackals (D:1)
  A kobold (D:1)
  A quokka (D:1)
  3 rats
30 creatures vanquished.

Notes
Turn   | Place    | Note
-------+----------+-------------------------------------------
     0 | D:1      | porpoise the Hill Orc Fighter began the quest for the Orb.
     0 | D:1      | Reached XP level 1. HP: 19/19 MP: 1/1
    74 | D:1      | Reached XP level 2. HP: 21/27 MP: 2/2
   399 | D:1      | Reached XP level 3. HP: 33/33 MP: 3/3
   584 | D:1      | Found Duneakh's Weapon Emporium.
   834 | D:2      | Noticed Terence
   845 | D:2      | Slain by Terence

Illustrated notes

Levels and vault maps discovered:
D:1:      grunt_arrival_lava_bath, layout_basic, serial_shops,
          nicolae_lakefront_shop
D:2:      layout_rooms, serial_shops, nicolae_shop_overgrown_old_shop,
          minmay_curled_crystal, uniq_terence

Skill      XL: |  1  2  3 |
---------------+----------+-----
Axes           | 3 4 |  4.2
Fighting       | 4 |  4.1
Armour         | |  3.2
Shields        | |  3.8

Action                     || total
---------------------------++-------
  Melee: War axe           ||    90
  Throw: Dart              ||     3
 Armour: Scale mail        ||    34
  Dodge: Dodged            ||    47
  Block: Buckler           ||    20
